| TOP OF THE 1ST |
|
Toronto Blue Jays batting - Pitching for Houston Astros : RHP Danny Bustos
|
|
Pitching: RHP Danny Bustos
|
|
|
Batting: LHB Jon Schick
|
0-0: Swinging Strike 0-1: Ball 1-1: Ball 2-1: Swinging Strike 2-2: Ball 3-2: Base on Balls
|
|
Batting: RHB Shigem Kubo
|
0-0: Ball 1-0: Ball 2-0: Foul Ball, location: 2F 2-1: Foul Ball, location: 2F 2-2: Strikes out swinging
|
|
Batting: SHB Zory Larikov
|
0-0: Ball Jon Schick is caught stealing 2nd base 2-6 1-0: Ball 2-0: Foul Ball, location: 2F 2-1: Ground out 4-3 (Groundball, 4, EV 79.4 MPH)
|
| Top of the 1st over - 0 runs, 0 hits, 0 errors, 0 left on base; Toronto 0 - Houston 0 |
| BOTTOM OF THE 1ST |
|
Houston Astros batting - Pitching for Toronto Blue Jays : LHP Stacy Hootentootin
|
|
Pitching: LHP Stacy Hootentootin
|
|
|
Batting: RHB Jeremy Trump
|
0-0: Ball 1-0: Called Strike 1-1: Ground out 4-3 (Groundball, 4M, EV 86.9 MPH)
|
|
Batting: RHB Chang-wei Jiang
|
0-0: Ball 1-0: Foul Ball, location: 2F 1-1: Foul Ball, location: 2F 1-2: Ball 2-2: Foul Ball, location: 2F 2-2: Strikes out looking
|
|
Batting: SHB Addick de Vries
|
0-0: Called Strike 0-1: Swinging Strike 0-2: Strikes out swinging
|
| Bottom of the 1st over - 0 runs, 0 hits, 0 errors, 0 left on base; Toronto 0 - Houston 0 |
| TOP OF THE 2ND |
|
Toronto Blue Jays batting - Pitching for Houston Astros : RHP Danny Bustos
|
|
Batting: RHB Kirk Arp
|
0-0: Ball 1-0: Ground out 5-3 (Groundball, 5, EV 92.5 MPH)
|
|
Batting: RHB Ruben Velasco
|
0-0: Ball 1-0: Ball 2-0: Ball 3-0: Base on Balls
|
|
Batting: LHB Gabe White
|
0-0: Ball Ruben Velasco steals 2nd base 1-0: Called Strike 1-1: Foul Ball, location: 2F 1-2: SINGLE (Groundball, P, EV 83.1 MPH) (infield hit) Ruben Velasco to third
|
|
Batting: RHB Adam Burke
|
0-0: Ball Gabe White steals 2nd base (no throw) 1-0: Ball 2-0: Called Strike 2-1: Ball 3-1: Called Strike 3-2: Foul Ball, location: 2F 3-2: Ground out 5-3 (Groundball, 56, EV 101.9 MPH) Ruben Velasco scores
|
|
Batting: RHB Tommy Mize
|
0-0: Ground out 3-1 (Groundball, 13, EV 82.5 MPH)
|
| Top of the 2nd over - 1 run, 1 hit, 0 errors, 1 left on base; Toronto 1 - Houston 0 |
| BOTTOM OF THE 2ND |
|
Houston Astros batting - Pitching for Toronto Blue Jays : LHP Stacy Hootentootin
|
|
Batting: RHB Danny Dyer
|
0-0: Called Strike 0-1: Ball 1-1: Ball 2-1: SINGLE (Groundball, 34D, EV 106.9 MPH)
|
|
Batting: RHB Matt Thompson
|
0-0: Called Strike 0-1: Ball 1-1: SINGLE (Groundball, 6MD, EV 106.3 MPH) Danny Dyer to second
|
|
Batting: LHB Ian Jarvis
|
0-0: Foul Ball, location: 2F 0-1: Sac Bunt to 5S - play at first, batter OUT! 5-3 Danny Dyer to third Matt Thompson to second
|
|
Batting: RHB Trevor Mock
|
0-0: Foul Ball, location: 2F 0-1: Ball 1-1: Foul Ball, location: 2F 1-2: Ball 2-2: Strikes out looking
|
|
Batting: SHB Joe Gardner
|
0-0: Ball 1-0: Ground out 5-3 (Groundball, 56, EV 89.4 MPH)
|
| Bottom of the 2nd over - 0 runs, 2 hits, 0 errors, 2 left on base; Toronto 1 - Houston 0 |
| TOP OF THE 3RD |
|
Toronto Blue Jays batting - Pitching for Houston Astros : RHP Danny Bustos
|
|
Batting: RHB Cole Zelinski
|
0-0: Swinging Strike 0-1: Ground out 5-3 (Groundball, 5L, EV 105.6 MPH)
|
|
Batting: LHB Jon Schick
|
0-0: Ball 1-0: Foul Ball, location: 2F 1-1: Foul Ball, location: 2F 1-2: Ball 2-2: Fly out, F9 (Flyball, 89S, EV 84.4 MPH)
|
|
Batting: RHB Shigem Kubo
|
0-0: Foul Ball, location: 2F 0-1: SINGLE (Groundball, 56, EV 83.8 MPH) (infield hit)
|
|
Batting: SHB Zory Larikov
|
0-0: Ball Shigem Kubo steals 2nd base 1-0: Foul Ball, location: 2F 1-1: Fly out, F8 (Line Drive, 8LD, EV 98.8 MPH)
|
| Top of the 3rd over - 0 runs, 1 hit, 0 errors, 1 left on base; Toronto 1 - Houston 0 |
| BOTTOM OF THE 3RD |
|
Houston Astros batting - Pitching for Toronto Blue Jays : LHP Stacy Hootentootin
|
|
Batting: LHB Bob Myers
|
0-0: Called Strike 0-1: Foul Ball, location: 2F 0-2: Ball 1-2: Strikes out looking
|
|
Batting: RHB Jeremy Trump
|
0-0: Called Strike 0-1: Swinging Strike 0-2: Strikes out looking
|
|
Batting: RHB Chang-wei Jiang
|
0-0: Swinging Strike 0-1: Swinging Strike 0-2: Strikes out swinging
|
| Bottom of the 3rd over - 0 runs, 0 hits, 0 errors, 0 left on base; Toronto 1 - Houston 0 |
| TOP OF THE 4TH |
|
Toronto Blue Jays batting - Pitching for Houston Astros : RHP Danny Bustos
|
|
Batting: RHB Kirk Arp
|
0-0: SOLO HOME RUN (Flyball, 7D, EV 94.4 MPH), Distance : 379 ft
|
|
Batting: RHB Ruben Velasco
|
0-0: Ball 1-0: Called Strike 1-1: Ball 2-1: Foul Ball, location: 2F 2-2: Ground out 6-3 (Groundball, 6, EV 98.8 MPH)
|
|
Batting: LHB Gabe White
|
0-0: Called Strike 0-1: Foul Ball, location: 2F 0-2: Ball 1-2: Fly out, F8 (Flyball, 8RD, EV 109.4 MPH)
|
|
Batting: RHB Adam Burke
|
0-0: Called Strike 0-1: Ball 1-1: Foul Ball, location: 2F 1-2: Ball 2-2: Ball 3-2: Ground out 5-3 (Groundball, 56, EV 83.8 MPH)
|
| Top of the 4th over - 1 run, 1 hit, 0 errors, 0 left on base; Toronto 2 - Houston 0 |
| BOTTOM OF THE 4TH |
|
Houston Astros batting - Pitching for Toronto Blue Jays : LHP Stacy Hootentootin
|
|
Batting: SHB Addick de Vries
|
0-0: Ball 1-0: Ball 2-0: Foul Ball, location: 2F 2-1: SINGLE (Groundball, 6MD, EV 103.8 MPH)
|
|
Batting: RHB Danny Dyer
|
0-0: Ball 1-0: Swinging Strike 1-1: Foul Ball, location: 2F 1-2: Ball 2-2: Strikes out swinging
|
|
Batting: RHB Matt Thompson
|
0-0: Called Strike 0-1: Ball 1-1: Ball 2-1: Called Strike 2-2: Foul Ball, location: 2F 2-2: Ball 3-2: Base on Balls Addick de Vries to second
|
|
Batting: LHB Ian Jarvis
|
0-0: Ball 1-0: Called Strike 1-1: Called Strike 1-2: Grounds into double play, 4-6-3 (Groundball, 4MD, EV 81.9 MPH)
|
| Bottom of the 4th over - 0 runs, 1 hit, 0 errors, 1 left on base; Toronto 2 - Houston 0 |
| TOP OF THE 5TH |
|
Toronto Blue Jays batting - Pitching for Houston Astros : RHP Danny Bustos
|
|
Batting: RHB Tommy Mize
|
0-0: Ball 1-0: Ball 2-0: Called Strike 2-1: Ball 3-1: Base on Balls
|
|
Batting: RHB Cole Zelinski
|
0-0: Ball 1-0: TRIPLE (Flyball, 9LD, EV 113.1 MPH) Tommy Mize scores
|
|
Batting: LHB Jon Schick
|
0-0: Foul Ball, location: 2F 0-1: Called Strike 0-2: Ball 1-2: Ball 2-2: Strikes out swinging
|
|
Batting: RHB Shigem Kubo
|
0-0: Ball 1-0: Swinging Strike 1-1: Foul Ball, location: 2F 1-2: Strikes out swinging
|
|
Batting: SHB Zory Larikov
|
0-0: Ball 1-0: Foul Ball, location: 2F 1-1: Ball 2-1: Ball 3-1: Base on Balls
|
|
Batting: RHB Kirk Arp
|
0-0: Ball 1-0: Called Strike 1-1: Swinging Strike 1-2: Ball 2-2: SINGLE (Flyball, 3D, EV 93.8 MPH) Cole Zelinski scores Zory Larikov to second Runner from 2nd tries for 3rd, SAFE, throw by RF made to third
|
|
Batting: RHB Ruben Velasco
|
0-0: Ball 1-0: Ball 2-0: Called Strike 2-1: Ball 3-1: Called Strike 3-2: Foul Ball, location: 2F 3-2: Base on Balls Kirk Arp to second
|
|
Batting: LHB Gabe White
|
0-0: Ball 1-0: Foul Ball, location: 2F 1-1: Foul Ball, location: 2F 1-2: Ground out 4-3 (Groundball, 4, EV 90.6 MPH)
|
| Top of the 5th over - 2 runs, 2 hits, 0 errors, 3 left on base; Toronto 4 - Houston 0 |
| BOTTOM OF THE 5TH |
|
Houston Astros batting - Pitching for Toronto Blue Jays : LHP Stacy Hootentootin
|
|
Batting: RHB Trevor Mock
|
0-0: Reached on error, E4 (Popup, 23, EV 86.9 MPH)
|
|
Batting: SHB Joe Gardner
|
0-0: Swinging Strike 0-1: Foul Ball, location: 2F 0-2: Foul Ball, location: 2F 0-2: Ball 1-2: Ball 2-2: Foul Ball, location: 2F 2-2: Ball 3-2: SINGLE (Flyball, 56D, EV 81.9 MPH) Trevor Mock to second Trevor Mock to third
|
|
Batting: LHB Bob Myers
|
0-0: Ball 1-0: Ball 2-0: Swinging Strike 2-1: Foul Ball, location: 2F 2-2: Grounds into double play, 4-6-3 (Groundball, 4, EV 84.4 MPH) Trevor Mock scores
|
|
Batting: RHB Jeremy Trump
|
0-0: Called Strike 0-1: Ball 1-1: Ball 2-1: Foul Ball, location: 2F 2-2: Ground out 4-3 (Groundball, 4D, EV 110.6 MPH)
|
| Bottom of the 5th over - 1 run, 1 hit, 1 error, 0 left on base; Toronto 4 - Houston 1 |
| TOP OF THE 6TH |
|
Toronto Blue Jays batting - Pitching for Houston Astros : RHP Danny Bustos
|
|
Batting: RHB Adam Burke
|
0-0: Swinging Strike 0-1: Ball 1-1: Ball 2-1: Swinging Strike 2-2: Ball 3-2: Fly out, F9 (Flyball, 89S, EV 84.4 MPH)
|
|
Batting: RHB Tommy Mize
|
0-0: DOUBLE (Flyball, 8LXD, EV 94.4 MPH)
|
|
Batting: RHB Cole Zelinski
|
0-0: Ball 1-0: Swinging Strike 1-1: Swinging Strike 1-2: Ball 2-2: Fly out, F8 (Flyball, 8LS, EV 96.9 MPH)
|
|
Batting: LHB Jon Schick
|
0-0: Ball 1-0: Called Strike 1-1: Ball 2-1: Ball 3-1: Ground out 6-3 (Groundball, 6, EV 86.3 MPH)
|
| Top of the 6th over - 0 runs, 1 hit, 0 errors, 1 left on base; Toronto 4 - Houston 1 |
| BOTTOM OF THE 6TH |
|
Houston Astros batting - Pitching for Toronto Blue Jays : LHP Stacy Hootentootin
|
|
Batting: RHB Chang-wei Jiang
|
0-0: Ball 1-0: Fly out, F5 (Line Drive, 5, EV 68.8 MPH)
|
|
Batting: SHB Addick de Vries
|
0-0: Ball 1-0: Fly out, F7 (Flyball, 7D, EV 88.8 MPH)
|
|
Batting: RHB Danny Dyer
|
0-0: Swinging Strike 0-1: Swinging Strike 0-2: Strikes out swinging
|
| Bottom of the 6th over - 0 runs, 0 hits, 0 errors, 0 left on base; Toronto 4 - Houston 1 |
| TOP OF THE 7TH |
|
Toronto Blue Jays batting - Pitching for Houston Astros : RHP Danny Bustos
|
|
Pitching: RHP Seth Bowersox
|
|
|
Batting: RHB Shigem Kubo
|
0-0: Ball 1-0: Foul Ball, location: 2F 1-1: Called Strike 1-2: Strikes out looking
|
|
Batting: SHB Zory Larikov
|
0-0: Swinging Strike 0-1: Ball 1-1: Foul Ball, location: 2F 1-2: Strikes out swinging
|
|
Batting: RHB Kirk Arp
|
0-0: Called Strike 0-1: Ground out 3-1 (Groundball, 34, EV 83.8 MPH)
|
| Top of the 7th over - 0 runs, 0 hits, 0 errors, 0 left on base; Toronto 4 - Houston 1 |
| BOTTOM OF THE 7TH |
|
Houston Astros batting - Pitching for Toronto Blue Jays : LHP Stacy Hootentootin
|
|
Batting: RHB Matt Thompson
|
0-0: Foul Ball, location: 2F 0-1: Ball 1-1: Foul Ball, location: 2F 1-2: Ball 2-2: Strikes out looking
|
|
Batting: LHB Ian Jarvis
|
0-0: Ball 1-0: Ground out 5-3 (Groundball, 15, EV 78.8 MPH)
|
|
Batting: RHB Trevor Mock
|
0-0: Ball 1-0: Ball 2-0: Ball 3-0: Ground out 6-3 (Groundball, 6, EV 86.9 MPH)
|
| Bottom of the 7th over - 0 runs, 0 hits, 0 errors, 0 left on base; Toronto 4 - Houston 1 |
| TOP OF THE 8TH |
|
Toronto Blue Jays batting - Pitching for Houston Astros : RHP Seth Bowersox
|
|
Batting: RHB Ruben Velasco
|
0-0: Ball 1-0: Ball 2-0: Foul Ball, location: 2F 2-1: Foul Ball, location: 2F 2-2: Foul Ball, location: 2F 2-2: Strikes out swinging
|
|
Batting: LHB Gabe White
|
0-0: Called Strike 0-1: Called Strike 0-2: SINGLE (Groundball, 6MS, EV 68.1 MPH) (infield hit)
|
|
Batting: RHB Adam Burke
|
0-0: Grounds into double play, 4-6-3 (Groundball, 4, EV 86.3 MPH)
|
| Top of the 8th over - 0 runs, 1 hit, 0 errors, 0 left on base; Toronto 4 - Houston 1 |
| BOTTOM OF THE 8TH |
|
Houston Astros batting - Pitching for Toronto Blue Jays : LHP Stacy Hootentootin
|
|
Batting: SHB Joe Gardner
|
0-0: Swinging Strike 0-1: Swinging Strike 0-2: Fly out, F7 (Flyball, 7LD, EV 96.9 MPH)
|
|
Pinch Hitting: RHB Josh Froyd
|
0-0: Ball 1-0: Swinging Strike 1-1: Ball 2-1: Foul Ball, location: 2F 2-2: Foul Ball, location: 2F 2-2: Foul Ball, location: 2F 2-2: Ball 3-2: Strikes out swinging
|
|
Batting: RHB Jeremy Trump
|
0-0: Ball 1-0: Called Strike 1-1: Ball 2-1: Fly out, F7 (Flyball, 78D, EV 103.1 MPH)
|
| Bottom of the 8th over - 0 runs, 0 hits, 0 errors, 0 left on base; Toronto 4 - Houston 1 |
| TOP OF THE 9TH |
|
Toronto Blue Jays batting - Pitching for Houston Astros : RHP Seth Bowersox
|
|
Pitching: RHP Kyle McPeak
|
|
|
Now in RF: Jim Keefe
|
|
|
Batting: RHB Tommy Mize
|
0-0: SOLO HOME RUN (Flyball, 7LD, EV 93.1 MPH), Distance : 340 ft
|
|
Batting: RHB Cole Zelinski
|
0-0: Called Strike 0-1: Ball 1-1: SINGLE (Line Drive, 4D, EV 106.9 MPH)
|
|
Batting: LHB Jon Schick
|
0-0: Foul Ball, location: 2F 0-1: Ball 1-1: Bunted foul 1-2: Foul Ball, location: 2F 1-2: Ball 2-2: Ball 3-2: Base on Balls Cole Zelinski to second
|
|
Batting: RHB Shigem Kubo
|
0-0: Ball 1-0: Called Strike 1-1: Bunted foul 1-2: Ball 2-2: Ball 3-2: Foul Ball, location: 2F 3-2: Base on Balls Cole Zelinski to third Jon Schick to second
|
|
Batting: SHB Zory Larikov
|
0-0: Called Strike 0-1: Called Strike 0-2: Ball 1-2: Ball 2-2: Foul Ball, location: 2F 2-2: Ground out 6-3 (Groundball, P, EV 90.0 MPH) Cole Zelinski scores Jon Schick to third Shigem Kubo to second
|
|
Batting: RHB Kirk Arp
|
0-0: Called Strike 0-1: Swinging Strike 0-2: Foul Ball, location: 2F 0-2: Ball 1-2: Fly out, F8 (Line Drive, 8RD, EV 92.5 MPH) Runner from 3rd tags up, SCORES, throw by CF Shigem Kubo to third
|
|
Pitching: RHP Jose Saenz
|
|
|
Batting: RHB Ruben Velasco
|
0-0: Called Strike 0-1: Called Strike 0-2: Ball 1-2: Strikes out swinging
|
| Top of the 9th over - 3 runs, 2 hits, 0 errors, 1 left on base; Toronto 7 - Houston 1 |
| BOTTOM OF THE 9TH |
|
Houston Astros batting - Pitching for Toronto Blue Jays : LHP Stacy Hootentootin
|
|
Batting: RHB Chang-wei Jiang
|
0-0: Ball 1-0: Swinging Strike 1-1: Ground out 6-3 (Groundball, 6S, EV 68.8 MPH)
|
|
Batting: SHB Addick de Vries
|
0-0: SINGLE (Groundball, 6D, EV 101.9 MPH)
|
|
Pitching: RHP Mike Pedigo
|
|
|
Batting: RHB Danny Dyer
|
0-0: Swinging Strike 0-1: Grounds into double play, 5-4-3 (Groundball, 56, EV 102.5 MPH)
|
| Bottom of the 9th over - 0 runs, 1 hit, 0 errors, 0 left on base; Toronto 7 - Houston 1 |
|